 Dungeon Crawl Stone Soup version 0.27-a0-1139-g28e009f8a6 (webtiles) character file.

Game seed: 3270899127974261881

7421 tilp the Covert (level 11, -7/57 HPs)
             Began as a Vine Stalker Brigand on May 7, 2021.
             Was a High Priest of Uskayaw.
             Mangled by a slime creature (15 damage)
             ... on level 10 of the Dungeon.
             The game lasted 00:12:34 (8727 turns).

tilp the Covert (Vine Stalker Brigand)              Turns: 8727, Time: 00:12:34

Health: -7/57      AC:  9    Str: 13    XL:     11   Next: 15%
Magic:  0/18       EV: 12    Int: 11    God:    Uskayaw [*****.]
Gold:   391        SH:  0    Dex: 20    Spells: 10/10 levels left

rFire    . . .     SeeInvis +   a - +8 quick blade
rCold    . . .     Faith    .   (no shield)
rNeg     . . .     Spirit   +   q - +0 ring mail
rPois    .         Reflect  .   (no helmet)
rElec    .         Harm     .   c - +0 cloak
rCorr    .         Rampage  .   F - +0 pair of gloves
Will     +....                  h - +0 pair of boots
Stlth    ++++......             l - amulet of magic regeneration
HPRegen  1.19/turn              w - +4 ring of protection
MPRegen  0.41/turn              x - ring of see invisible

@: corroded
A: fangs 3, regeneration 1, magic shield, antimagic bite, no potion heal 2
a: Renounce Religion, Stomp, Line Pass, Grand Finale


You were on level 10 of the Dungeon.
You worshipped Uskayaw.
Uskayaw was aware of your devotion.
You visited 2 branches of the dungeon, and saw 11 of its levels.
You also visited: Sewer.

You collected 391 gold pieces.

Inventory:

Hand Weapons
 a - a +8 quick blade (weapon)
 b - a +2 vorpal dagger
 n - a +0 dagger of draining
 t - a +0 dagger of speed
 C - the +8 mithril axe "Arga" {speed, Will+}
   (You found it on level 8 of the Dungeon)

   Attacks with this weapon are significantly faster.
   It increases your willpower.
Missiles
 d - 56 poisoned darts (quivered)
 e - 4 curare-tipped darts {!f}
 r - 7 boomerangs
Armour
 c - a +0 cloak (worn)
 h - a +0 pair of boots (worn)
 i - a +0 chain mail
 q - a +0 ring mail (worn)
 F - a +0 pair of gloves (worn)
Jewellery
 l - an amulet of magic regeneration (around neck)
 w - a +4 ring of protection (left hand)
 x - a ring of see invisible (right hand)
Wands
 s - a wand of iceblast (18)
 B - a wand of flame (38)
 D - a wand of charming (12)
Scrolls
 k - 5 scrolls of teleportation
 m - a scroll of blinking
 E - a scroll of fog
Potions
 f - 2 potions of magic
 g - 4 potions of attraction
 j - 4 potions of lignification
 o - 6 potions of curing
 p - 3 potions of mutation
 u - 2 potions of heal wounds {unknown}
 v - 3 potions of flight
 z - a potion of resistance {unknown}
 A - a potion of berserk rage {unknown}
 G - a potion of ambrosia {unknown}


   Skills:
 + Level 6.3 Fighting
 - Level 8.0 Short Blades
 - Level 1.7 Throwing
 + Level 4.1 Armour
 - Level 4.0 Dodging
 + Level 9.1 Stealth
 + Level 8.0 Invocations
 - Level 4.0 Evocations


You had 10 spell levels left.
You didn't know any spells.
Your spell library contained the following spells:

 Spells                   Type           Power      Damage    Failure   Level
 Animate Skeleton         Necr           0%         N/A       58%         1
 Apportation              Tloc           0%         N/A       58%         1
 Corona                   Hex            0%         N/A       58%         1
 Magic Dart               Conj           0%         1d3       58%         1
 Pain                     Necr           0%         1d4       58%         1
 Summon Small Mammal      Summ           0%         N/A       58%         1
 Blink                    Tloc           N/A        N/A       73%         2
 Call Imp                 Summ           0%         N/A       73%         2
 Slow                     Hex            0%         N/A       73%         2
 Conjure Flame            Conj/Fire      0%         6-21      91%         3
 Mephitic Cloud           Conj/Pois/Air  0%         N/A       91%         3
 Vampiric Draining        Necr           0%         2d6       91%         3
 Animate Dead             Necr           0%         N/A       100%        4
 Agony                    Necr           0%         N/A       100%        5


Dungeon Overview and Level Annotations

Branches:
Dungeon (10/15)            Temple (1/1) D:5            Lair (0/6) D:8
    Orc (0/2) D:9           Sewer (visited)

Altars:
Ashenzari
Cheibriados
Dithmenos
Elyvilon
Fedhas
Gozag
Hepliaklqana
Kikubaaqudgha
Makhleb
Nemelex Xobeh
Okawaru
Qazlal
Ru
Sif Muna
Trog
Uskayaw
Vehumet
Wu Jian
Xom
Yredelemnul
Zin
The Shining One

Annotations:
D:2 Sigmund
D:4 3 runed translucent doors, HoaS's ghost, amateur GrGl; solarlight's ghost, amateur SpAM


Innate Abilities, Weirdness & Mutations

You have razor-sharp teeth.
Your natural rate of healing is unusually fast.
When hurt, damage is shared between your health and your magic reserves.
Your bite disrupts and absorbs the magic of your enemies.
Potions cannot restore your health.


Message History

You hit the acid dragon.
The acid dragon is moderately wounded.
The slime creature is no longer sharing its pain.
You can now merge with and destroy a victim.
You hit the acid dragon. Your bite misses the acid dragon.
The acid dragon is heavily wounded.
The acid dragon bites you but does no damage.
The acid dragon closely misses you.
You hit the acid dragon but do no damage.
The acid dragon is heavily wounded.
You hit the acid dragon.
The acid dragon is heavily wounded.
You closely miss the acid dragon.
You bite the acid dragon, but do no damage.
The acid dragon is heavily wounded.
The acid dragon misses you. The acid dragon claws you.
You hit the acid dragon. You bite the acid dragon! You drain its power.
You feel invigorated.
The acid dragon is almost dead.
The troll bites you but does no damage. The troll claws you.
The troll claws you! The acid dragon spits acid at you.
The splash of acid hits you!
* * * LOW HITPOINT WARNING * * *
The acid corrodes you!
You are splashed with acid!
* * * LOW HITPOINT WARNING * * *
Uskayaw prepares the audience for your solo!
The helpless acid dragon fails to defend itself.
You perforate the acid dragon like a sieve!!!
You kill the acid dragon!
The slime creature is no longer paralysed.
The helpless troll fails to defend itself.
You skewer the troll like a kebab!!!
You kill the troll!
The troll leather armour is intact enough to wear.
Your Invocations skill increases to level 8!
You hit the slime creature.
The slime creature is lightly wounded.
The slime creature hits you!!
You die...

#.# ##.#####......#..# ..#
#..##....###....# ).#
##.....####.....## #. ..#
#....## #......# #.# ..#
#.....####....#.####.# ..##
##............#......## ...#
##[...........#).......#
.).###...........[......#####
.............##.@J......#
..........########..#)..#
........### #.....##
...)...## #.....# .......#
#.)...# .......# #......#
≈≈≈≈≈≈≈≈≈ ...####.# #####..##
J..## ..# #..# ..#.. #.#


You could see a slime creature.

Vanquished Creatures
  A hydra (D:9)
  A centaur warrior (D:9)
  A two-headed ogre (D:10)
  Maggie (D:10)
  A kobold demonologist (D:10)
  2 trolls (D:10)
  Prince Ribbit (D:7)
  A wyvern (D:10)
  4 yaks
  2 acid dragons (D:10)
  A hornet zombie (D:9)
  2 orc warriors
  2 ice beasts (D:8)
  A sky beast (D:6)
  An ogre (D:6)
  2 black bears
  2 necrophages
  5 centaurs
  A phantom (D:5)
  3 kobold brigands
  2 bullfrogs (D:8)
  2 scorpions (D:5)
  4 killer bees (D:10)
  8 wights
  2 howler monkeys
  3 jellies
  A hound (D:6)
  6 orc priests
  A bullfrog skeleton (D:5)
  5 iguanas
  7 orc wizards
  2 hound skeletons
  2 howler monkey zombies (D:9)
  7 adders
  A river rat (Sewer)
  3 white imps
  3 ufetubi
  An adder skeleton (D:4)
  2 dart slugs
  18 orcs
  5 endoplasms
  7 giant cockroaches
  3 goblins
  9 hobgoblins
  6 jackals
  18 kobolds
  7 quokkas
  6 ball pythons
  4 bats
  4 frilled lizards
  10 rats
194 creatures vanquished.

Notes
Turn   | Place    | Note
-------+----------+-------------------------------------------
     0 | D:1      | tilp the Vine Stalker Brigand began the quest for the Orb.
     0 | D:1      | Reached XP level 1. HP: 11/11 MP: 2/2
   426 | D:1      | Reached XP level 2. HP: 15/15 MP: 3/3
  1398 | D:2      | Reached XP level 3. HP: 18/19 MP: 4/4
  1896 | D:2      | Noticed Sigmund
  2156 | D:2      | Gained mutation: Your natural rate of healing is unusually
                  | fast. [Vine Stalker growth]
  2156 | D:2      | Reached XP level 4. HP: 23/23 MP: 5/5
  2957 | D:3      | Found an opulent altar of Gozag.
  2973 | D:3      | Reached XP level 5. HP: 28/28 MP: 6/6
  3107 | D:3      | Noticed an orc warrior
  3229 | D:3      | Killed an orc warrior
  3230 | D:3      | Reached skill level 1 in Dodging
  3230 | D:3      | Reached skill level 5 in Stealth
  3230 | D:3      | Reached XP level 6. HP: 21/33 MP: 4/7
  3794 | D:4      | Reached XP level 7. HP: 31/37 MP: 6/8
  3835 | D:4      | Found a runed translucent gate.
  3835 | D:4      | Found a runed translucent gate.
  3835 | D:4      | Noticed solarlight's ghost (amateur SpAM)
  3835 | D:4      | Noticed HoaS's ghost (amateur GrGl)
  3836 | D:4      | Found a runed translucent gate.
  4362 | D:4      | Identified a scroll of acquirement
  4362 | D:4      | Acquired a +6 quick blade
  4387 | D:5      | Entered Level 5 of the Dungeon
  4402 | D:5      | Reached skill level 6 in Stealth
  4411 | D:5      | Found a glowing drain.
  4421 | D:5      | Reached skill level 5 in Short Blades
  4452 | Sewer    | Entered a sewer
  4567 | Sewer    | Found a white marble altar of Elyvilon.
  4659 | D:5      | Found a staircase to the Ecumenical Temple.
  4717 | Temple   | Entered the Ecumenical Temple
  4872 | Temple   | Became a worshipper of Uskayaw the Reveller
  4972 | D:5      | Reached * piety under Uskayaw
  4985 | D:5      | Reached ** piety under Uskayaw
  5070 | D:5      | Gained mutation: You have razor-sharp teeth. [Vine Stalker
                  | growth]
  5070 | D:5      | Reached XP level 8. HP: 38/42 MP: 9/9
  5521 | D:6      | Reached *** piety under Uskayaw
  5524 | D:6      | Reached **** piety under Uskayaw
  5756 | D:6      | Found a stormy altar of Qazlal.
  5761 | D:6      | Found an ancient bone altar of Kikubaaqudgha.
  5766 | D:6      | Found a radiant altar of Vehumet.
  5857 | D:6      | Reached skill level 1 in Invocations
  5857 | D:6      | Reached skill level 1 in Evocations
  6021 | D:6      | Reached XP level 9. HP: 45/45 MP: 12/12
  6402 | D:7      | Noticed Prince Ribbit
  6406 | D:7      | Found an iron altar of Okawaru.
  6420 | D:7      | Killed Prince Ribbit
  6943 | D:8      | Found a staircase to the Lair.
  6978 | D:8      | Reached skill level 5 in Invocations
  6997 | D:8      | Found the +8 mithril axe "Arga" {speed, Will+}
  7114 | D:8      | Found an ornate altar of the Wu Jian Council.
  7485 | D:8      | Reached ***** piety under Uskayaw
  7489 | D:8      | Reached skill level 1 in Armour
  7789 | D:9      | Reached ****** piety under Uskayaw
  7790 | D:9      | Reached XP level 10. HP: 38/51 MP: 15/15
  7852 | D:9      | Noticed a centaur warrior
  7857 | D:9      | Found a shimmering altar of Xom.
  7872 | D:9      | HP: 2/51 [centaur warrior (8)]
  7881 | D:9      | Killed a centaur warrior
  7882 | D:9      | Reached skill level 5 in Fighting
  7882 | D:9      | Reached skill level 7 in Stealth
  8050 | D:9      | Found an opulent altar of Gozag.
  8050 | D:9      | Noticed an eight-headed hydra
  8056 | D:9      | Killed an eight-headed hydra
  8090 | D:9      | Found a staircase to the Orcish Mines.
  8382 | D:10     | Entered Level 10 of the Dungeon
  8431 | D:10     | Noticed Maggie
  8433 | D:10     | Noticed a two-headed ogre
  8460 | D:10     | Killed Maggie
  8461 | D:10     | Reached skill level 8 in Stealth
  8471 | D:10     | Killed a two-headed ogre
  8628 | D:10     | Reached XP level 11. HP: 56/56 MP: 17/17
  8702 | D:10     | Reached skill level 9 in Stealth
  8703 | D:10     | Noticed a centaur warrior
  8727 | D:10     | Mangled by a slime creature

Illustrated notes

Levels and vault maps discovered:
D:1:      lightli_arrival_farm, layout_loops_ring, minmay_misc_feat_enclosed,
          corner_web_ring, roderic_lattice_a
D:2:      layout_loops_corners, minmay_randomly_rotated_circles, uniq_sigmund
D:3:      layout_loops_cross, lemuel_doored_altar,
          chequers_serial_rivers_micro_d
D:4:      layout_basic, gammafunk_ghost_cemetery, mrwooster_statue_mirror,
          minmay_misc_feat_secret_circle
D:5:      layout_cave_pools, minmay_temple_entry_offerings,
          cheibrodos_sewer_entry_drain
D:6:      layout_basic, minmay_overflow_temple_star_quad, hex_medium
D:7:      layout_loops_cross, okawaru_ov_weapons_minmay, minmay_door_square,
          uniq_prince_ribbit1
D:8:      layout_basic, nzn_wu_jian_council_hall, lair_entry_dummy
D:9:      layout_loops_ring, orc_0_dummy, hangedman_feature_mirror
D:10:     cheibrodos_ideogram_h, layout_layer_cave, grunt_ministairs_7,
          uniq_harold, uniq_maggie
Temple:   nicolae_temple_elliptical

Skill      XL: |  1  2  3  4  5  6  7  8  9 10 11 |
---------------+----------------------------------+-----
Fighting       | 2 3 4 6 |  6.3
Short Blades   | 2 3 4 6 8 |  8.0
Dodging        | 1 2 4 |  4.0
Stealth        | 5 6 8 9 |  9.1
Invocations    | 3 6 7 8 |  8.0
Evocations     | 2 4 |  4.0
Armour         | 1 3 4 |  4.1
Throwing       | |  1.7

Action                   |  1- 3 |  4- 6 |  7- 9 | 10-12 || total
-------------------------+-------+-------+-------+-------++-------
Melee: Dagger            |    95 |   149 |    13 |       ||   257
       Bite              |    27 |    54 |   102 |    55 ||   238
       Quick blade       |       |       |   292 |   149 ||   441
Throw: Dart              |     2 |     4 |     1 |       ||     7
Evoke: Wand              |       |       |     2 |       ||     2
  Use: Scroll            |     3 |     2 |    11 |       ||    16
       Potion            |       |       |     1 |     1 ||     2
 Stab: Sleeping          |     9 |     8 |    15 |     2 ||    34
       Paralysed         |       |       |     8 |    10 ||    18
       Distracted        |       |       |       |     1 ||     1
Armor: Robe              |     6 |       |       |       ||     6
       Chain mail        |    21 |       |       |       ||    21
       Ring mail         |       |    41 |    40 |    40 ||   121
Dodge: Dodged            |    32 |    47 |    64 |    43 ||   186

Table legend: (Time is in decaauts)
 A = Elapsed time spent in this place.
 B = Non-inter-level travel time spent in this place.
 C = Inter-level travel time spent in this place.
 D = Time resting spent in this place.
 E = Time spent auto-exploring this place.
 F = Levels seen in this place.
 G = Mean time per level.
                   A        B        C        D        E       F      G
               +--------+--------+--------+--------+--------+-----+--------+
         Total |   8451 |   7881 |    570 |    245 |   6361 |  12 |  704.2 |
       Dungeon |   8109 |   7573 |    536 |    245 |   6104 |  10 |  810.9 |
        Temple |    173 |    139 |     34 |      0 |    138 |   1 |  173.0 |
         Sewer |    167 |    167 |      0 |      0 |    119 |   1 |  167.0 |
               +--------+--------+--------+--------+--------+-----+--------+

Top non-repeatable levels by time:
     D:1: 1417 daAuts
     D:2: 1343 daAuts
     D:4: 994 daAuts
     D:8: 830 daAuts
     D:6: 806 daAuts
     D:3: 680 daAuts
     D:9: 650 daAuts
     D:5: 578 daAuts
     D:7: 538 daAuts
    D:10: 269 daAuts
  Temple: 173 daAuts
   Sewer: 167 daAuts
